AoeStats
← hightower_208

African Clearing

506705470Analyzed
2v2 RM · 17d ago on Sep 14, 2026· 50m 37s· 4 players
Game mode
Random Map
Map size
Medium (4 player)
Population
200
Speed
Normal
Resources
Standard
Victory
Conquest
Starting age
Dark Age
Ending age
Imperial Age
RankedLock teamsTeams togetherTeam positionsShared explorationLock speedFull tech treeHidden civsTurbo modeCheats
Victory
Defeat
🇫🇷 Maya · France
1707
+14
🇫🇷 Persians · France
1636
+17
🇩🇪 Gurjaras · Germany
1694
-17
🇩🇪 Chinese · Germany
1630
-14
hightower_208
4:39 Loom
11:53 Feudal Age
12:30 Double-Bit Axe
17:18 Fletching
21:50 Wheelbarrow
25:23 Castle Age
24:44 Scale Barding Armor
24:41 Town Watch
26:25 Chain Barding Armor
27:53 Bloodlines
29:06 Husbandry
32:58 Horse Collar
33:56 Bow Saw
33:46 Heavy Plow
36:41 Hand Cart
37:43 Heavy Plow
38:14 Gold Mining
44:14 Imperial Age
45:56 Plate Barding Armor
46:03 Elite Shrivamsha Rider
49:20 Forging
50:59 Iron Casting
Mjoelnir
2:48 Loom
10:26 Feudal Age
11:02 Double-Bit Axe
20:53 Castle Age
22:14 Fletching
28:39 Bow Saw
30:17 Bodkin Arrow
32:28 Wheelbarrow
32:13 Town Watch
37:07 Imperial Age
35:17 Ballistics
35:00 Padded Archer Armor
36:01 Stone Mining
36:02 Gold Mining
35:54 Horse Collar
37:19 Hand Cart
37:05 Town Patrol
37:55 Bracer
38:34 Conscription
39:42 Chemistry
39:15 Thumb Ring
39:30 Town Patrol
42:26 Coinage
41:50 Elite Chu Ko Nu
44:32 Rocketry
44:26 Masonry
45:50 Leather Archer Armor
47:12 Ring Archer Armor
48:23 Banking
48:38 Caravan
51:27 Architecture
76nateK
10:15 Loom
13:32 Feudal Age
17:14 Castle Age
16:31 Double-Bit Axe
17:44 Fletching
19:50 Bodkin Arrow
21:32 Ballistics
24:10 Wheelbarrow
23:47 Bow Saw
25:25 Padded Archer Armor
26:10 Hand Cart
25:39 Horse Collar
26:41 Leather Archer Armor
33:05 Heavy Plow
33:27 Town Watch
34:20 Thumb Ring
39:31 Imperial Age
37:06 Town Patrol
36:59 Gold Mining
37:29 Elite Skirmisher
38:47 Town Patrol
39:08 Hul'che Javelineers
40:31 Bracer
41:01 Ring Archer Armor
41:01 Conscription
41:48 Chemistry
40:34 Elite Plumed Archer
42:46 Capped Ram
45:48 Two-Man Saw
45:00 Scale Mail Armor
45:11 Forging
45:37 Squires
44:58 Eagle Warrior
45:24 Arson
45:21 Siege Ram
46:36 Pikeman
46:37 Elite Eagle Warrior
47:29 Halberdier
48:56 Chain Mail Armor
49:17 Iron Casting
51:11 Plate Mail Armor
51:21 Crop Rotation
Ketan67
9:00 Loom
11:55 Feudal Age
31:59 Castle Age
31:25 Double-Bit Axe
31:27 Horse Collar
33:29 Wheelbarrow
33:05 Heavy Plow
33:23 Bow Saw
38:40 Gold Mining
38:41 Stone Mining
40:15 Gold Shaft Mining
42:26 Imperial Age
40:55 Bloodlines
40:46 Husbandry
41:08 Hand Cart
42:41 Cavalier
43:08 Capped Ram
44:18 Scale Barding Armor
44:25 Forging
44:33 Siege Ram
45:43 Chain Barding Armor
45:59 Iron Casting
45:45 Savar
47:12 Plate Barding Armor
48:44 Blast Furnace
50:23 Stone Shaft Mining
Connection lost

Rejoining the realm…

Still unreachable

The connection could not be restored.

Session expired

The server has moved on; the page needs a fresh start.